 Dungeon Crawl Stone Soup version 0.19.5 (webtiles) character file.

1105 sepiko the Cleaver (level 8, -1/71 HPs)
             Began as a Minotaur Berserker on May 5, 2017.
             Was an Elder of Trog.
             Slain by a phantom (5 damage)
             ... on level 5 of the Dungeon.
             The game lasted 00:20:26 (5247 turns).

sepiko the Cleaver (Minotaur Berserker)             Turns: 5247, Time: 00:20:26

Health: -1/71      AC:  8    Str: 24    XL:     8   Next: 11%
Magic:  7/7        EV:  8    Int:  4    God:    Trog [****..]
Gold:   220        SH:  0    Dex: 10    Spells: 0 memorised, 7 levels left

rFire  . . .     SeeInvis +     a - +0 hand axe
rCold  . . .     Gourm    .     u - +0 chain mail
rNeg   + . .     Faith    .     (no shield)
rPois  .         Spirit   .     (helmet restricted)
rElec  .         Reflect  .     (no cloak)
rCorr  .         Harm     .     (no gloves)
MR     ++...                    (no boots)
Stlth  ..........               (no amulet)
                                r - ring of positive energy
                                j - ring of see invisible

@: lethally poisoned (-1 -> -2), exhausted, regenerating, hasted and slowed,
drained
A: retaliatory headbutt, horns 2
a: Berserk, Trog's Hand, Brothers in Arms, Burn Spellbooks, Renounce Religion


You were on level 5 of the Dungeon.
You worshipped Trog.
Trog was greatly pleased with you.
You were very hungry.

You visited 1 branch of the dungeon, and saw 6 of its levels.

You collected 220 gold pieces.

Inventory:

Hand Weapons
 a - a +0 hand axe (weapon)
 y - a +0 shortbow
Missiles
 t - 32 bolts
 A - 12 arrows
Armour
 u - a +0 chain mail (worn)
Jewellery
 j - a ring of see invisible (left hand)
 m - an uncursed ring of poison resistance
 r - a ring of positive energy (right hand)
Wands
 C - a wand of disintegration (11/24)
Scrolls
 g - 4 scrolls of remove curse
 k - 3 scrolls of blinking
 l - a scroll of holy word {unknown}
 s - a scroll of enchant weapon {unknown}
 v - a scroll of identify
 w - a scroll of fog {unknown}
Potions
 b - a potion of magic {unknown}
 e - a potion of degeneration {unknown}
 f - a potion of haste
 h - 3 potions of curing {unknown}
 i - a potion of ambrosia {unknown}
 n - a potion of mutation {unknown}
 o - a potion of agility {unknown}
 q - a potion of berserk rage {unknown}
 B - a potion of flight {unknown}
Comestibles
 c - a bread ration
 d - 2 royal jellies
 p - a meat ration
 x - 3 fruits
 z - 2 chunks of flesh


   Skills:
 - Level 6.6(6.0) Fighting
 + Level 10.5(9.8) Axes
 - Level 2.4(1.8) Armour
 - Level 2.1(1.6) Dodging


You had 7 spell levels left.
You didn't know any spells.

Dungeon Overview and Level Annotations

Branches:
Dungeon (6/15)             Temple (0/1) D:4

Altars:
Gozag
Okawaru
Sif Muna
Xom
Yredelemnul

Annotations:
D:4 wolfsongas's ghost, amateur MiFi


Innate Abilities, Weirdness & Mutations

You reflexively headbutt those who attack you in melee.
You have a pair of horns on your head.


Message History

* * * LOW HITPOINT WARNING * * *
You are more poisoned.
The worker ant poisons you!
There is a stone staircase leading up here.
You feel sick. The worker ant bites you.
* * * LOW HITPOINT WARNING * * *
The phantom hits you but does no damage.
The phantom blinks!
The worker ant bites you but does no damage.
The phantom hits you but does no damage.
You climb upwards.
You feel very sick.
There is a stone staircase leading down here.
You hit the worker ant but do no damage.
Your headbutt misses the worker ant. You miss the phantom.
You feel sick.
The worker ant bites you but does no damage.
The phantom blinks!
You feel yourself speed up.
You feel sick. The worker ant closely misses you. The phantom hits you.
You die...

#.# #.#........#.#.####
#.# #.#.######.#.#....##
#.# #.#...#....#.####...
#.# #.#.#.##(#...#..#...
#.# #.#.#....#.###..#...
#.# #.#.#####....#..##..
#.# #............#..##..
##.#####.#...........##..
#......W@a...............
##########.#......#.#####
#.#.#....#......
#.#.#.##<######.
#.#.#....#<...#.
#.#.#.........#.
#.#.#########.#. #.#...#
#.#. #.###.# ###.


You could see a phantom and a worker ant.

Vanquished Creatures
  2 ogres
  A centaur (D:5)
  A big kobold (D:3)
  A bullfrog (D:6)
  A scorpion (D:4)
  A water moccasin skeleton (D:6)
  2 howler monkeys
  2 crimson imps
  A quasit (D:5)
  A hound (D:4)
  An iguana (D:5)
  3 orc wizards
  A bullfrog skeleton (D:4)
  A worker ant (D:4)
  A hound skeleton (D:5)
  Robin (D:4)
  3 gnolls (D:5)
  5 adders
  A shadow imp (D:5)
  3 oozes
  2 adder zombies (D:5)
  An adder skeleton (D:5)
  2 worms (D:2)
  2 dart slugs
  A leopard gecko (D:2)
  11 orcs
  3 ball pythons
  5 bats
  5 giant cockroaches
  2 gnoll zombies (D:5)
  14 goblins
  14 hobgoblins
  4 jackals (D:1)
  2 quokkas
  4 frilled lizards
  A jackal zombie (D:5)
  15 kobolds
  A leopard gecko zombie (D:4)
  9 rats
131 creatures vanquished.

Notes
Turn   | Place    | Note
-------+----------+-------------------------------------------
     0 | D:1      | sepiko the Minotaur Berserker began the quest for the Orb.
     0 | D:1      | Reached XP level 1. HP: 19/19 MP: 0/0
    58 | D:1      | Reached skill level 4 in Axes
   131 | D:1      | Reached XP level 2. HP: 12/26 MP: 1/1
   439 | D:1      | Reached skill level 5 in Axes
   462 | D:1      | Reached ** piety under Trog
   473 | D:1      | Reached XP level 3. HP: 27/31 MP: 2/2
   690 | D:2      | Found a shimmering altar of Xom.
  1234 | D:2      | Reached XP level 4. HP: 37/39 MP: 3/3
  1328 | D:2      | Reached skill level 6 in Axes
  1493 | D:2      | Found an opulent altar of Gozag.
  1907 | D:3      | Reached *** piety under Trog
  2165 | D:3      | Noticed a big kobold
  2177 | D:3      | Killed a big kobold
  2177 | D:3      | Reached skill level 7 in Axes
  2177 | D:3      | Reached XP level 5. HP: 42/45 MP: 4/4
  2595 | D:4      | Noticed an ogre
  2597 | D:4      | Noticed Robin
  2674 | D:4      | Noticed an ogre
  2686 | D:3      | Killed an ogre
  2686 | D:3      | Reached skill level 8 in Axes
  2686 | D:3      | Reached XP level 6. HP: 22/51 MP: 5/5
  3119 | D:4      | Killed Robin
  3143 | D:4      | Found a deep blue altar of Sif Muna.
  3170 | D:4      | Reached skill level 9 in Axes
  3227 | D:4      | Noticed wolfsongas's ghost (amateur MiFi)
  3256 | D:4      | HP: 2/51 [wolfsongas's ghost (13)]
  3646 | D:4      | Found an iron altar of Okawaru.
  3945 | D:4      | Found a staircase to the Ecumenical Temple.
  3959 | D:4      | Reached XP level 7. HP: 56/57 MP: 6/6
  4072 | D:5      | Entered Level 5 of the Dungeon
  4134 | D:4      | Reached skill level 10 in Axes
  4361 | D:5      | Reached skill level 5 in Fighting
  4395 | D:5      | Reached **** piety under Trog
  4783 | D:5      | Found a basalt altar of Yredelemnul.
  5189 | D:6      | Reached XP level 8. HP: 71/71 MP: 7/7
  5244 | D:6      | HP: 3/71 [worker ant (1)]
  5247 | D:5      | Slain by a phantom

Skill      XL: |  1  2  3  4  5  6  7 |
---------------+----------------------+-----
Axes           | 4 5 7 8 9 10 | 10.5
Fighting       | 6 |  6.6
Armour         | |  2.4
Dodging        | |  2.1

Action                   |  1- 3 |  4- 6 |  7- 9 || total
-------------------------+-------+-------+-------++-------
Melee: Hand axe          |    93 |   128 |   166 ||   387
       Headbutt          |    12 |    25 |    34 ||    71
Invok: Berserk           |     1 |     3 |     2 ||     6
       Burn Spellbooks   |       |     1 |       ||     1
       Trog's Hand       |       |     1 |     1 ||     2
  Use: Scroll            |       |     3 |     2 ||     5
       Potion            |       |       |     1 ||     1
 Stab: Sleeping          |     1 |       |       ||     1
  Eat: Chunk             |     2 |     5 |     3 ||    10
       Bread ration      |       |     2 |       ||     2
Armor: Animal skin       |    10 |       |       ||    10
       Ring mail         |       |    10 |       ||    10
       Scale mail        |       |     8 |       ||     8
       Chain mail        |       |    31 |    79 ||   110
Dodge: Dodged            |    63 |    50 |    56 ||   169
